 Dungeon Crawl Stone Soup version 0.20-a0-1026-gc3ddcbd (webtiles) character file.

2662 JeffiDaFish the Basher (level 9, -1/56 HPs)
             Began as a Gargoyle Fighter on Apr 20, 2017.
             Was an Elder of Okawaru.
             Slain by an orc warrior
             ... wielding a +0 halberd
              (14 damage)
             ... in a bailey.
             The game lasted 00:19:03 (6214 turns).

JeffiDaFish the Basher (Gargoyle Fighter)           Turns: 6214, Time: 00:19:04

Health: -1/56      AC: 20    Str: 19    XL:     9   Next: 63%
Magic:  3/3        EV:  7    Int: 10    God:    Okawaru [****..]
Gold:   661        SH: 10    Dex: 12    Spells: 8/8 levels left

rFire    + . .     SeeInvis .   a - +5 demon whip "Spellbinder" {antimagic, MR+}
rCold    + . .     Gourm    .   c - +0 shield
rNeg     + . .     Faith    .   v - +1 chain mail
rPois    ∞         Spirit   .   u - +0 helmet
rElec    +         Reflect  .   x - scarf {rC+ rF+}
rCorr    .         Harm     .   m - +1 pair of gloves
MR       ++...     Rnd*Tele +   (no boots)
Stlth    ..........             (no amulet)
Regen    0.2/turn               w - ring of protection from magic
MPRegen  0.1/turn               (no ring)

@: very slightly contaminated
A: hooves 2, negative energy resistance 1, electricity resistance, teleportitis
1, unbreathing, petrification resistance, rot immunity, AC +5
a: Heroism, Renounce Religion


You were in a bailey.
You worshipped Okawaru.
Okawaru was greatly pleased with you.
You were hungry.

You visited 1 branch of the dungeon, and saw 8 of its levels.
You also visited: Ossuary and Bailey.

You collected 661 gold pieces.

Inventory:

Hand Weapons
 a - the +5 demon whip "Spellbinder" (weapon) {antimagic, MR+}
   (You found it on level 6 of the Dungeon)

   It reduces the magical energy of the wielder, and disrupts the spells and
   magical abilities of those hit.
   Natural abilities and divine invocations are not affected.
   It affects your resistance to hostile enchantments.
 r - a +0 morningstar
Armour
 c - a +0 shield (worn)
 m - a +1 pair of gloves (worn)
 u - a +0 helmet (worn)
 v - a +1 chain mail (worn)
 x - a scarf of resistance (worn)
Jewellery
 w - a ring of protection from magic (left hand)
Wands
 t - a wand of polymorph (15/24)
 y - a wand of disintegration (9/24)
Scrolls
 e - 7 scrolls of remove curse
 n - 4 scrolls of teleportation
 o - 5 scrolls of recharging
 p - 9 scrolls of identify
 q - 4 scrolls of amnesia
Potions
 d - 6 potions of might
 g - 5 potions of haste
 j - a potion of ambrosia
 l - 5 potions of curing
 s - a potion of invisibility
Comestibles
 f - 5 bread rations
 h - 5 meat rations
 i - 5 fruits
 k - a royal jelly


   Skills:
 + Level 6.4 Fighting
 + Level 9.1 Maces & Flails
 + Level 5.6 Armour
 + Level 2.1 Dodging
 + Level 0.5 Stealth
 + Level 7.1 Shields


You had 8 spell levels left.
You didn't know any spells.

Dungeon Overview and Level Annotations

Branches:
Dungeon (8/15)             Temple (0/1) D:6
   Lair: D:8-11

Altars:
Ashenzari
Cheibriados
Dithmenos
Elyvilon
Fedhas
Hepliaklqana
Makhleb
Okawaru
Ru
Uskayaw
Wu Jian
Xom
Zin

Shops:
D:8 %


Innate Abilities, Weirdness & Mutations

You are resistant to torment.
Your stone body is resilient. (AC +5)
You are immune to poison.
You resist negative energy. (rN+)
You are resistant to electric shocks. (rElec)
You can survive without breathing.
You are immune to petrification.
You are immune to rotting.
You have hoof-like feet.
You are occasionally teleported next to monsters.


Message History

The orc knight is severely wounded.
Your surroundings seem slightly different.
The orc warrior no longer looks unusually strong.
The orc warrior wields an uncursed arbalest.
The orc warrior shoots a bolt.
You block the bolt.
The orc warrior shoots a bolt.
You block the bolt.
You see here a bolt.
You barely miss the orc knight.
The orc knight is severely wounded.
The orc knight hits you with a glaive!
The orc warrior hits you from afar with a halberd!
* * * LOW HITPOINT WARNING * * *
You hit the orc knight.
The orc knight is almost dead.
You hit the orc knight but do no damage.
The orc knight is almost dead.
The orc knight roars a battlecry!
The orc warrior goes into a battle-frenzy!
The orc warrior hits you from afar with a halberd!
You die...

### ###
##.###########∩## #
#(..##.....##...##.
#)..#..≈≈≈..#...#..
#}((#.≈≈o≈≈.......≈
#...'.≈ooo≈.......≈
#.o.#(≈≈o≈≈.......≈
#?oo#..≈≈≈..#...#..
#(@.##.....##.∩.#
##(###########∩##
### ###


You could see an orc knight and 2 orc warriors.

Vanquished Creatures
  Prince Ribbit (D:6)
  Duvessa (D:6)
  A phantom (D:5)
  An ice beast (D:6)
  5 ogres
  A big kobold (D:7)
  A bullfrog (D:7)
  A wyvern skeleton (D:6)
  8 scorpions
  Dowan (D:6)
  3 wights (D:7)
  A howler monkey (D:6)
  2 crimson imps
  A bullfrog zombie (D:6)
  3 centaur zombies
  4 human zombies (Ossuary)
  A hound (D:5)
  3 orc wizards
  A bullfrog skeleton (D:4)
  An orc priest (D:4)
  2 centaur skeletons
  2 iguanas (D:4)
  Terence (D:1)
  3 worker ants
  2 big kobold zombies (Ossuary)
  3 mummies (Ossuary)
  4 adders
  3 scorpion zombies (Ossuary)
  A shadow imp (D:6)
  3 oozes
  An adder skeleton (D:4)
  2 worms
  8 leopard geckos
  28 orcs
  2 ball pythons
  4 giant cockroaches
  3 gnoll zombies (Ossuary)
  5 goblins
  5 hobgoblins
  8 jackals
  12 kobolds
  A quokka (D:6)
  2 bats
  6 frilled lizards
  2 goblin zombies (Ossuary)
  3 hobgoblin zombies (Ossuary)
  A kobold zombie (Ossuary)
  A leopard gecko skeleton (D:4)
  A leopard gecko zombie (D:5)
  An orc zombie (Ossuary)
  4 rats
165 creatures vanquished.

Vanquished Creatures (others)
  A quokka (D:6)
1 creature vanquished.

Grand Total: 166 creatures vanquished

Notes
Turn   | Place    | Note
-------+----------+-------------------------------------------
     0 | D:1      | JeffiDaFish the Gargoyle Fighter began the quest for the Orb.
     0 | D:1      | Reached XP level 1. HP: 14/14 MP: 1/1
    72 | D:1      | Reached XP level 2. HP: 15/19 MP: 2/2
   580 | D:2      | Noticed Terence
   596 | D:1      | Killed Terence
   596 | D:1      | Reached XP level 3. HP: 20/24 MP: 3/3
   674 | D:2      | Found an ornate altar of the Wu Jian Council.
   719 | D:2      | Reached XP level 4. HP: 25/29 MP: 4/4
  1013 | D:2      | Found a snail-covered altar of Cheibriados.
  1013 | D:2      | Found a sacrificial altar of Ru.
  1047 | D:2      | Found an iron altar of Okawaru.
  1052 | D:2      | Became a worshipper of Warmaster Okawaru
  1211 | D:3      | Found a glowing silver altar of Zin.
  1269 | D:3      | Found a shimmering altar of Xom.
  1271 | D:3      | Found a white marble altar of Elyvilon.
  1271 | D:3      | Found a blossoming altar of Fedhas.
  1273 | D:3      | Found a burning altar of Makhleb.
  1273 | D:3      | Found a hide-covered altar of Uskayaw.
  1273 | D:3      | Found a white marble altar of Elyvilon.
  1533 | D:3      | Reached XP level 5. HP: 33/33 MP: 5/5
  1821 | D:3      | Found a blossoming altar of Fedhas.
  2312 | D:4      | Reached skill level 3 in Maces & Flails
  2459 | D:4      | Gained mutation: You are occasionally teleported next to monsters. [potion of mutation]
  2459 | D:4      | Gained mutation: You have large cloven feet. [potion of mutation]
  2459 | D:4      | Gained mutation: You have hoof-like feet. [potion of mutation]
  2590 | D:4      | Reached XP level 6. HP: 38/38 MP: 6/6
  2594 | D:4      | Reached skill level 5 in Shields
  2653 | D:4      | Reached skill level 1 in Dodging
  3105 | D:5      | Entered Level 5 of the Dungeon
  3122 | D:5      | Reached * piety under Okawaru
  3492 | D:5      | Reached skill level 4 in Maces & Flails
  3492 | D:5      | Reached XP level 7. HP: 44/44 MP: 7/7
  3600 | D:5      | Reached skill level 5 in Armour
  4027 | D:6      | Reached skill level 5 in Maces & Flails
  4123 | D:6      | Reached ** piety under Okawaru
  4155 | D:6      | Noticed Prince Ribbit
  4161 | D:6      | Reached XP level 8. HP: 45/48 MP: 2/8
  4176 | D:6      | Killed Prince Ribbit
  4176 | D:6      | Reached skill level 5 in Fighting
  4176 | D:6      | Reached skill level 6 in Maces & Flails
  4489 | D:6      | Reached skill level 7 in Maces & Flails
  4640 | D:6      | Noticed Dowan
  4642 | D:6      | Noticed Duvessa
  4643 | D:6      | Killed Dowan
  4650 | D:6      | Killed Duvessa
  4848 | D:6      | Found a staircase to the Ecumenical Temple.
  5027 | D:7      | Reached *** piety under Okawaru
  5115 | D:7      | Found a hazy altar of Hepliaklqana.
  5154 | D:7      | Reached XP level 9. HP: 51/54 MP: 3/9
  5163 | D:7      | Reached skill level 8 in Maces & Flails
  5365 | D:7      | Found a shattered altar of Ashenzari.
  5549 | D:8      | Found Ytuge's Food Shoppe.
  5575 | D:8      | Found a shadowy altar of Dithmenos.
  5698 | D:8      | Found a sand-covered staircase.
  5707 | Ossuary  | Entered an ossuary
  5942 | Ossuary  | Reached **** piety under Okawaru
  5956 | Ossuary  | Reached skill level 9 in Maces & Flails
  6157 | D:8      | Found a flagged portal.
  6167 | Bailey   | Entered a bailey
  6167 | Bailey   | Noticed an orc knight
  6168 | Bailey   | Noticed an orc knight
  6182 | Bailey   | Noticed an orc knight
  6214 | Bailey   | Slain by an orc warrior

Vault maps used:
D:1:      scummos_arrival_simple_fountains, minmay_misc_feat_square
D:2:      nicolae_overflow_crystal_walls, okawaru_ov_weapons_minmay,
          gammafunk_temple_overflow_elements, uniq_terence
D:3:      fedhas_altar_2, old_standard_altar, first_bread, doesnt_xom_only_xom
D:6:      lemuel_temple_firewalk_a, uniq_duvessa, uniq_prince_ribbit1
D:7:      marbit_many_paths, lemuel_round_altar
D:8:      makhleb_blood_cavern_becter, lemuel_doored_altar, serial_shops, shop,
          chequers_ossuary_entry_cave, enter_bailey_8
Ossuary:  ossuary_minmay_scorpions
Bailey:   bailey_polearm_4, bailey

Skill      XL: |  1  2  3  4  5  6  7  8  9 |
---------------+----------------------------+-----
Armour         | 4 5 |  5.6
Shields        | 4 5 6 7 |  7.1
Maces & Flails | 3 4 5 7 9 |  9.1
Fighting       | 4 5 6 |  6.4
Dodging        | 1 2 |  2.1
Stealth        | |  0.5

Action                   |  1- 3 |  4- 6 |  7- 9 || total
-------------------------+-------+-------+-------++-------
Melee: Flail             |    75 |   246 |       ||   321
       Kick              |       |    22 |    94 ||   116
       Morningstar       |       |     6 |    62 ||    68
       Demon whip        |       |       |   312 ||   312
  Use: Scroll            |     3 |     5 |     8 ||    16
       Potion            |     3 |     7 |     4 ||    14
 Stab: Invisible         |       |       |     1 ||     1
  Eat: Chunk             |       |     8 |     9 ||    17
Armor: Scale mail        |    45 |   178 |    38 ||   261
       Chain mail        |       |       |    90 ||    90
Dodge: Dodged            |    27 |   100 |    68 ||   195
Block: Shield            |    48 |   164 |   153 ||   365
